 Dungeon Crawl Stone Soup version 0.16-a0-3389-g45633df (webtiles) character file.

671187 MackTheKnife the Slayer (level 27, -2/208 (217) HPs)
             Began as an Octopode Berserker on Dec 29, 2014.
             Was a High Priest of the Shining One.
             Succumbed to something's poison gas
             ... in Pandemonium on Dec 30, 2014.
             The game lasted 04:33:26 (100839 turns).

MackTheKnife the Slayer (Octopode Berserker)      Turns: 100839, Time: 04:33:26

HP:   -2/208 (217)  AC:  8    Str: 23    XL:     27
MP:   41/41         EV: 39    Int: 17    God:    the Shining One [*****.]
Gold: 4135          SH: 23    Dex: 22    Spells: 4 memorised, 33 levels left

rFire  + . .     SeeInvis +     a - +9 eudemon blade (holy)
rCold  + . .     Clarity  .     x - +3 buckler of the Mutiny {+Blink MR+ rCorr Int+2 Dex-2}
rNeg   + + +     SustAb   .     y - +2 hat
rPois  .         Gourm    .     d - amulet of resist mutation
rElec  +         Spirit   .     n - +4 ring of protection
rCorr  +         Warding  .     Y - ring of protection from fire
rMut   +         Stasis   .     L - ring "Codghie" {Wiz MR+}
MR     ++++.                    m - +4 ring of evasion
Stlth  +++.......               S - ring of the Octopus King {AC+1 EV+1 Str+1 Int+1 Dex+1 SInv}
                                O - ring of Sekiplis {rN+ Str+1 Int+4}
                                F - ring of Blaenoac {rElec rN+ Str+4 Stlth-}
                                K - ring of protection from cold

@: lethally poisoned, divine shield, glowing, incredibly resistant to hostile
enchantments, fairly stealthy
A: almost no armour, amphibious, 8 rings, constrict 8, camouflage 1, gelatinous
body 1
a: Divine Shield, Cleansing Flame, Summon Divine Warrior, Renounce Religion,
Evoke Blink
}: 5/15 runes: serpentine, barnacled, slimy, silver, abyssal


You were in Pandemonium.
You worshipped the Shining One.
The Shining One was extremely pleased with you.
You were very hungry.

You visited 12 branches of the dungeon, and saw 61 of its levels.
You visited Pandemonium 1 time, and saw 1 of its levels.
You visited the Abyss 3 times.
You visited 1 ziggurat, and saw 7 of its levels.
You also visited: Labyrinth, Sewer and Ice Cave.

You collected 8044 gold pieces.
You spent 3909 gold pieces at shops.


Innate Abilities, Weirdness & Mutations

You cannot wear most types of armour.
You are amphibious.
You can wear up to eight rings at the same time.
You can use your tentacles to constrict many enemies at once.
Your skin changes colour to match your surroundings (Stealth).
Your rubbery body absorbs attacks (AC +1).


   Skills:
 - Level 25.1 Fighting
 - Level 24.0 Long Blades
 - Level 22.6 Dodging
 - Level 11.5 Stealth
 - Level 5.0 Shields
 - Level 8.5 Spellcasting
 - Level 4.0 Hexes
 - Level 4.7 Charms
 - Level 4.7 Ice Magic
 - Level 5.0 Air Magic
 + Level 19.5 Invocations
 - Level 15.7 Evocations


You had 33 spell levels left.
You knew the following spells:

 Your Spells              Type           Power        Failure   Level  Hunger
a - Ozocubu's Armour      Chrm/Ice       ###.....     2%          3    #......
b - Blink                 Tloc           N/A          7%          2    None
c - Spectral Weapon       Hex/Chrm       ###.....     2%          3    #......
d - Repel Missiles        Chrm/Air       ###...       1%          2    None

Inventory:

Hand weapons
 a - a +9 eudemon blade of holy wrath (weapon)
Missiles
 p - 7 stones (quivered)
Armour
 x - the +3 buckler of the Mutiny (worn) {+Blink MR+ rCorr Int+2 Dex-2}
   (You found it on level 11 of the Dungeon)

   It affects your intelligence (+2).
   It affects your dexterity (-2).
   It affects your resistance to hostile enchantments.
   It lets you blink.
   It protects you from acid and corrosion.
 y - a +2 hat (worn)
Rods
 b - a +9 lightning rod (14/14) {!a}
   (You took it off a deep elf sorcerer on level 3 of the Elven Halls)
Jewellery
 d - an amulet of resist mutation (around mantle)
 g - an uncursed amulet of clarity
 m - a +4 ring of evasion (on tentacle)
 n - a +4 ring of protection (left tentacle)
 o - an uncursed ring of ice
 F - the ring of Blaenoac (on tentacle) {rElec rN+ Str+4 Stlth-}
   (You found it on level 7 of a ziggurat)

   [ring of loudness]

   It affects your strength (+4).
   It insulates you from electricity.
   It protects you from negative energy.
   It makes you less stealthy.
 K - a ring of protection from cold (on tentacle)
 L - the ring "Codghie" (on tentacle) {Wiz MR+}
   (You found it on level 4 of the Depths)

   [ring of wizardry]

   It improves your spell success rate.
   It affects your resistance to hostile enchantments.
 O - the ring of Sekiplis (on tentacle) {rN+ Str+1 Int+4}
   (You found it on level 5 of the Vaults)

   [ring of positive energy]

   It affects your strength (+1).
   It affects your intelligence (+4).
   It protects you from negative energy.
 S - a ring of the Octopus King (on tentacle) {AC+1 EV+1 Str+1 Int+1 Dex+1 SInv}
   (You found it on level 3 of the Crypt)

   [ring of see invisible]

   It affects your AC (+1).
   It affects your evasion (+1).
   It affects your strength (+1).
   It affects your intelligence (+1).
   It affects your dexterity (+1).
   It enhances your eyesight.
 Y - a ring of protection from fire (right tentacle)
Magical devices
 c - a wand of teleportation (2)
 D - a wand of paralysis (7)
 M - a wand of disintegration (16)
Scrolls
 f - 10 scrolls of fear
 i - 23 scrolls of remove curse
 j - 5 scrolls of enchant weapon
 r - 2 scrolls of holy word
 t - 2 scrolls of enchant armour
 w - 8 scrolls of magic mapping
 G - 11 scrolls of identify
 I - 12 scrolls of recharging
 T - 3 scrolls of silence
Potions
 e - 5 potions of flight
 k - 11 potions of restore abilities
 l - a potion of might
 C - a potion of haste
 N - 5 potions of berserk rage
 V - 2 potions of agility
Miscellaneous
 h - a phial of floods
 z - 2 phantom mirrors
 Q - 2 lamps of fire
 R - a sack of spiders {used: 6}
Comestibles
 s - 4 meat rations
 v - a royal jelly
 E - 35 fruits
 H - 7 bread rations

#..#####..............
#)#.6##................
...#####................
#..# #.......2.......
...# #...............
2..# #...............
...# ##..............
..## ##............. .##
#....x........ ##
##............
#...∩.......
#...........
#........... #..........
#......... #........ ...


You could see a reaper.


Message History

You are more poisoned.
* * * LOW HITPOINT WARNING * * *
Your surroundings suddenly seem different.
* * * LOW HITPOINT WARNING * * *
You feel extremely sick.
Found a robe.
Found a gate leading to another region of Pandemonium.
A reaper comes into view. It is wielding a scythe of flaming.
* * * LOW HITPOINT WARNING * * *
You feel extremely sick.
Unknown command.
Drink which item? (? for menu, Esc to quit)
Okay, then.
Read which item? (? for menu, Esc to quit)
Okay, then.
Drink which item? (? for menu, Esc to quit)
Okay, then.
Drink which item? (? for menu, Esc to quit)
Okay, then.
Use which ability? (? or * to list)
Okay, then.
Unknown command.
Drink which item? (? for menu, Esc to quit)
Your magical effects are unravelling.
You feel magically purged.
* * * LOW HITPOINT WARNING * * *
You feel extremely sick. The Shining One protects you from harm!
The Shining One protects you from harm!
You die...

Action                   |  1- 3 |  4- 6 |  7- 9 | 10-12 | 13-15 | 16-18 | 19-21 | 22-24 | 25-27 || total
-------------------------+-------+-------+-------+-------+-------+-------+-------+-------+-------++-------
Melee: Falchion          |    69 |   110 |   238 |    44 |       |       |       |       |       ||   461
       Long sword        |       |       |    32 |       |       |       |       |       |       ||    32
       Great sword       |       |       |       |   546 |   369 |       |       |       |       ||   915
       Triple sword      |       |       |       |       |   852 |  1050 |  1263 |  1278 |   867 ||  5310
       Eudemon blade     |       |       |       |       |       |       |       |       |  1755 ||  1755
Throw: Stone             |       |     5 |     2 |     2 |    13 |     7 |    12 |     8 |    10 ||    59
 Cast: Ozocubu's Armour  |       |       |       |       |       |       |       |       |    20 ||    20
       Repel Missiles    |       |       |       |       |       |       |       |       |     4 ||     4
       Spectral Weapon   |       |       |       |       |       |       |       |       |     4 ||     4
Invok: Berserk           |     2 |     3 |    12 |    18 |    11 |    13 |    18 |    16 |     1 ||    94
       Trog's Hand       |       |     1 |     4 |     6 |    15 |    31 |    31 |    38 |     5 ||   131
       Burn Spellbooks   |       |       |     1 |     4 |     5 |     3 |     2 |     6 |     1 ||    22
       Brothers in Arms  |       |       |       |     6 |    18 |    19 |    23 |    21 |     2 ||    89
       Summon Divine War |       |       |       |       |       |       |       |       |    15 ||    15
       Cleansing Flame   |       |       |       |       |       |       |       |       |     6 ||     6
       Divine Shield     |       |       |       |       |       |       |       |       |     5 ||     5
 Abil: Spit Poison       |       |       |     2 |     1 |       |       |       |       |       ||     3
Evoke: Wand              |       |       |       |     3 |     9 |     6 |       |    12 |    21 ||    51
       Rod               |       |       |       |       |       |    18 |     7 |       |     9 ||    34
       Lamp of fire      |       |       |       |       |       |     1 |     2 |     5 |     9 ||    17
       Sack of spiders   |       |       |       |       |       |       |     3 |     4 |     2 ||     9
  Use: Scroll            |       |    13 |     5 |    13 |    16 |    22 |    13 |    22 |    26 ||   130
       Potion            |       |       |     3 |     3 |     4 |     8 |     7 |    19 |    36 ||    80
 Stab: Sleeping          |     3 |     2 |     3 |    15 |    20 |    52 |    26 |    31 |     8 ||   160
       Distracted        |       |     2 |     4 |     5 |     5 |    12 |    13 |    19 |    15 ||    75
       Invisible         |       |       |       |       |     5 |       |       |    10 |       ||    15
       Paralysed         |       |       |       |       |       |       |       |     2 |     4 ||     6
  Eat: Beef jerky        |     1 |       |       |     2 |     1 |     2 |     1 |     1 |     1 ||     9
       Bread ration      |       |     2 |     2 |       |     2 |     4 |     2 |     5 |     7 ||    24
       Chunk             |       |     3 |    14 |    32 |    40 |    19 |    51 |    28 |     8 ||   195
       Meat ration       |       |       |     1 |     1 |     2 |     5 |     1 |     3 |    11 ||    24
       Royal jelly       |       |       |       |     1 |       |     1 |     2 |       |     2 ||     6
       Pizza             |       |       |       |     1 |     1 |     3 |       |       |     1 ||     6
       Fruit             |       |       |       |       |     1 |     1 |     2 |     2 |       ||     6

Vault maps used:
D:1:      dpeg_arrival_pond
D:2:      zin_statuary, uniq_iyjb
D:3:      lemuel_round_altar, first_bread, portal_sewer_entry_b
D:4:      makhleb_altar_promises_db
D:5:      minmay_temple_entry_butterflies
D:7:      nicolae_overflow_hidden_temple
D:8:      ashenzari_conservatory_becter, fedhas_altar_3, uniq_psyche
D:9:      lemuel_zombie_altar_kikubaaqudgha, lemuel_crystal_altar,
          erik_lair_dragon, uniq_blork_the_orc, uniq_gastronok, uniq_pikel
D:10:     hiddenorc2_lemuel, basic_altar, serial_shops, kennysheep_mini,
          uniq_joseph, uniq_josephine
D:12:     the_bakery, uniq_maurice
D:13:     david_vaults_2, minmay_gold_behind_fungi, nemelex_deck
D:14:     kennysheep_nondescript, serial_shops, shop_statue, shop_fountains,
          shop, shop, nicolae_shop_crystal
D:15:     gammafunk_enter_depths_forms, minmay_strange_pillars,
          minmay_misc_feat_rows, serial_bayou_pond_d, uniq_harold, uniq_snorg
Temple:   triangle_lava_temple_12
Lair:1:   minmay_lair_venomous_thicket, grunt_megastairs_2
Lair:2:   infiniplex_staircase_pool_2
Lair:3:   shoals_dummy_entry
Lair:4:   bh_chokoban, serial_bayou_shore_b
Lair:5:   infiniplex_staircase_pool
Lair:6:   guppyfry_snake_entry_island, lab_entry_generic, eino_house_with_fridge
Lair:7:   slime_altar_2, beast_lair_carwin_7, uniq_fannar
Lair:8:   evilmike_catoblepas_cave, portal_ice_cave_entry_ice_beasts,
          grunt_megastairs_3, uniq_erica
Shoals:1: dpeg_stationary_puzzle
Shoals:2: uniq_norris
Shoals:3: nicolae_shoals_water_elemental_grotto, uniq_nikola, uniq_polyphemus,
          uniq_aizul
Shoals:4: nicolae_shoals_mertower, uniq_saint_roka, uniq_ilsuiw, uniq_frances
Shoals:5: shoals_end_simple, shoal_ilsuiw
Snake:1:  grunt_ministairs_9, spider_trap, hangedman_snake_corridor_cut
Snake:2:  serial_shops, shop, basic_altar
Snake:3:  uniq_rupert, uniq_wiglaf
Snake:4:  serial_shops, shop, baited_tele_trap
Snake:5:  snake_pit
Slime:2:  nicolae_slime_jelly_donut, nicolae_slime_phagocytosis,
          uniq_dissolution
Slime:3:  nicolae_slime_round_cave
Slime:4:  nicolae_slime_ancient_tower_intersection, nicolae_slime_barrier
Orc:2:    enter_bailey_3
Orc:3:    serial_shops, shop_coins, nicolae_orc_pool_cavern
Orc:4:    st_orc_rangers
Elf:1:    elf_arrival_002, minmay_elf_annihilation, uniq_agnes
Elf:2:    serial_shops, nicolae_shop_crystal
Elf:3:    grunt_elf_hall_diamonds, corexii_checkpoint_a
Vaults:1: grunt_vaults_trifunnel, v_misc_9, vaults_standard_mumra_lines,
          ontoclasm_vaults_tryst, vaults_room_pool, grunt_vaults_focal,
          hangedman_vaults_impose, v_alt_pattern_4,
          nicolae_vaults_little_squares_4, hangedman_vaults_cutoff, v_misc_4,
          ontoclasm_vaults_shuriken, nicolae_vaults_big_angled_halls,
          hangedman_vaults_trim, vaults_room_stairs_pillars,
          nicolae_vaults_little_squares_4
Vaults:2: v_pattern_1, nicolae_vaults_meeting, v_misc_2, v_rooms_4,
          grunt_vaults_bifocal, vaults_room_pool, nicolae_vaults_little_ls,
          vaults_dpeg_hooks, v_misc_27, v_misc_22, ontoclasm_vaults_pinch,
          uniq_donald
Vaults:3: vaults_dpeg_doors, ontoclasm_vaults_ring_small, metal_show, v_misc_2,
          v_misc_26, nicolae_vaults_angled_halls, vaults_room_semicircle,
          nicolae_vaults_yaktaur_gun_rack, v_misc_22, v_misc_18, v_misc_16,
          grunt_vaults_funnel, uniq_xtahua
Vaults:4: v_rooms_2, hangedman_vaults_capsules, hangedman_vaults_cutoff,
          v_misc_31, serial_shops, nicolae_shop_crystal
Vaults:5: serial_shops
Crypt:1:  crypt_curse_skull, crypt_curse_skull_rare, grunt_ministairs_2,
          st_stairs_9, due_unseen_surprise
Crypt:2:  crypt_curse_skull
Crypt:3:  cryptofortress_bobbens
Depths:1: rand_demon_pan_entry_9, hangedman_coc_ice_floe, hex_tiny,
          hangedman_decor_growths, kennysheep_generic_room_16
Depths:2: grunt_bent_corner, enter_ziggurat_c, pf_hell_entry_tar_spiral,
          infiniplex_staircase_zigzag_4
Depths:3: lemuel_troll_bridge, hell_entry, pan_entry
Depths:4: nrook_guardian_serpent_snake_passage, hangedman_glass_teeth,
          abyss_entry, hell_entry, kilobyte_mutagenic_chamber, uniq_jory
Depths:5: evilmike_zot_entry_diamond, abyss_entry, minmay_misc_feat_nine_boxes,
          hell_entry
Zot:1:    grunt_zot_stairs_mandelzot, hangedman_spider_trapstep
Abyss:1:  guppyfry_abyss_exit_glass_guarded, minivault_5,
          hangedman_decor_peaks_small
Abyss:3:  minivault_24, grunt_abyss_rune_wretched_hive, evilmike_abyss_exit_6
Pan:      rand_demon_1, nicolae_pan_sigil_nadil
Zig:6:    ziggurat_pillar_centre_oklobs
Lab:      nicolae_lab_dead_adventurers, nicolae_lab_starburst,
          nicolae_lab_quarters
Sewer:    sewer_the_crocodile
IceCv:    ice_cave_small_necro

Notes
Turn   | Place    | Note
--------------------------------------------------------------
     0 | D:1      | MackTheKnife, the Octopode Berserker, began the quest for the Orb.
     0 | D:1      | Reached XP level 1. HP: 16/16 MP: 1/1
   135 | D:1      | Reached XP level 2. HP: 18/21 MP: 2/2
   519 | D:1      | Acquired Trog's second power
   795 | D:2      | Reached skill level 4 in Long Blades
   913 | D:2      | Reached XP level 3. HP: 26/26 MP: 3/3
  1231 | D:2      | Found a glowing silver altar of Zin.
  1239 | D:2      | Noticed Ijyb
  1244 | D:2      | Killed Ijyb
  1414 | D:3      | Reached XP level 4. HP: 31/31 MP: 4/4
  1496 | D:3      | Reached skill level 5 in Long Blades
  1594 | D:3      | Noticed archlich's ghost (weakling DsEn)
  1639 | D:3      | Killed archlich's ghost
  1639 | D:3      | Reached XP level 5. HP: 36/36 MP: 5/5
  1685 | D:3      | Found a glowing drain.
  1698 | Sewer    | Entered a sewer
  1725 | Sewer    | Reached skill level 6 in Long Blades
  1775 | Sewer    | Noticed a crocodile
  1789 | Sewer    | Killed a crocodile
  1789 | Sewer    | Reached XP level 6. HP: 29/42 MP: 6/6
  2088 | D:3      | Found a basalt altar of Yredelemnul.
  2138 | D:3      | Reached skill level 7 in Long Blades
  2554 | D:4      | Found a burning altar of Makhleb.
  2554 | D:4      | Noticed a green death
  2838 | D:4      | Reached XP level 7. HP: 46/46 MP: 7/7
  2883 | D:4      | Reached skill level 8 in Long Blades
  3225 | D:5      | Entered Level 5 of the Dungeon
  3375 | D:5      | Found a staircase to the Ecumenical Temple.
  3460 | D:5      | Reached skill level 9 in Long Blades
  3772 | D:5      | Reached XP level 8. HP: 19/52 MP: 8/8
  4348 | D:6      | Reached skill level 10 in Long Blades
  4488 | D:6      | Acquired Trog's third power
  4876 | D:6      | Reached skill level 4 in Fighting
  5010 | D:6      | Reached skill level 5 in Fighting
  5110 | D:6      | Gained mutation: You are partially covered in molten scales (AC +1). [potion of mutation]
  5110 | D:6      | Gained mutation: You can spit poison. [potion of mutation]
  5110 | D:6      | Gained mutation: Your body is slowly deteriorating. [potion of mutation]
  5111 | D:6      | Gained mutation: You possess an exceptional clarity of mind. [potion of mutation]
  5111 | D:6      | Gained mutation: You have supernaturally acute eyesight. [potion of mutation]
  5111 | D:6      | Gained mutation: One of your tentacles bears a spike. [potion of mutation]
  5591 | D:7      | Reached skill level 6 in Fighting
  5591 | D:7      | Reached XP level 9. HP: 52/62 MP: 9/9
  5897 | D:7      | Reached skill level 7 in Fighting
  5899 | D:7      | Noticed Kemay's ghost (experienced OpMo)
  5916 | D:7      | Killed Kemay's ghost
  5916 | D:7      | Reached skill level 8 in Fighting
  6485 | D:7      | Reached skill level 4 in Dodging
  6716 | D:7      | Got a crystal falchion
  6717 | D:7      | Identified the +6 falchion "Pnecaf" {slice, *Tele rN+} (You took it off an orc on level 7 of the Dungeon)
  7003 | D:7      | Reached skill level 5 in Dodging
  7227 | D:8      | Noticed MackTheKnife's ghost (experienced OpBe)
  7322 | D:8      | Noticed Psyche
  7332 | D:8      | Killed Psyche
  7332 | D:8      | Reached skill level 6 in Dodging
  7439 | D:7      | Found a radiant altar of Vehumet.
  7537 | D:8      | Killed MackTheKnife's ghost
  7537 | D:8      | Reached skill level 8 in Dodging
  7537 | D:8      | Reached XP level 10. HP: 72/72 MP: 10/10
  7597 | D:8      | Found a shattered altar of Ashenzari.
  7687 | D:8      | Received a gift from Trog
  8071 | D:8      | Found a blossoming altar of Fedhas.
  8292 | D:9      | Noticed Gastronok
  8308 | D:9      | Killed Gastronok
  8308 | D:9      | Reached skill level 11 in Long Blades
  8483 | D:9      | Noticed Pikel
  8489 | D:9      | Killed Pikel
  8489 | D:9      | Reached skill level 12 in Long Blades
  8489 | D:9      | Reached XP level 11. HP: 77/77 MP: 11/11
  8970 | D:9      | Found a staircase to the Lair.
  9168 | D:9      | Noticed a hill giant
  9173 | D:9      | Killed a hill giant
  9240 | D:9      | Found an ancient bone altar of Kikubaaqudgha.
  9338 | D:9      | Found a burning altar of Makhleb.
  9553 | D:9      | Noticed Blork the orc
  9560 | D:9      | Killed Blork the orc
  9679 | D:9      | Reached skill level 13 in Long Blades
  9697 | D:10     | Entered Level 10 of the Dungeon
  9697 | D:10     | Noticed a hill giant
  9708 | D:10     | Killed a hill giant
  9768 | D:10     | Received a gift from Trog
  9893 | D:10     | Received a gift from Trog
 10091 | D:10     | Found a staircase to the Orcish Mines.
 10145 | D:10     | Found a sacrificial altar of Ru.
 10268 | D:10     | Noticed Josephine
 10280 | D:10     | HP: 7/77 [giant frog simulacrum[Josephine] (9)]
 10810 | D:10     | Noticed Joseph
 10816 | D:10     | Killed Josephine
 10817 | D:10     | Noticed a hill giant
 10936 | D:10     | Killed a hill giant
 10936 | D:10     | Reached skill level 14 in Long Blades
 10940 | D:10     | Killed Joseph
 11140 | D:10     | Found Plinuk's Magic Scroll Shop.
 11143 | D:10     | Bought a scroll of teleportation for 42 gold pieces
 11143 | D:10     | Bought a scroll of teleportation for 42 gold pieces
 11286 | Lair:1   | Entered Level 1 of the Lair of Beasts
 11488 | Lair:1   | Reached XP level 12. HP: 83/83 MP: 12/12
 11571 | Lair:1   | Reached skill level 15 in Long Blades
 12810 | Lair:2   | Lost mutation: You possess an exceptional clarity of mind. [potion of cure mutation]
 12810 | Lair:2   | Lost mutation: One of your tentacles bears a spike. [potion of cure mutation]
 12810 | Lair:2   | Lost mutation: You can spit poison. [potion of cure mutation]
 12810 | Lair:2   | Lost mutation: You are partially covered in molten scales (AC +1). [potion of cure mutation]
 12810 | Lair:2   | Lost mutation: Your body is slowly deteriorating. [potion of cure mutation]
 13280 | Lair:2   | Reached skill level 16 in Long Blades
 13664 | Lair:3   | Got a brightly glowing quarterstaff
 14914 | Lair:3   | Reached skill level 17 in Long Blades
 15018 | Lair:3   | Found a staircase to the Shoals.
 15287 | Lair:3   | Noticed a five-headed hydra
 15502 | Lair:3   | Received a gift from Trog
 15514 | Lair:4   | Reached skill level 9 in Dodging
 15594 | Lair:4   | Identified the +4 quarterstaff of Shame {freeze, Str+2} (You found it on level 3 of the Lair of Beasts)
 15682 | Lair:4   | Reached XP level 13. HP: 70/89 MP: 13/13
 15845 | Lair:4   | Reached skill level 9 in Fighting
 16065 | Lair:4   | Noticed a five-headed hydra
 16507 | Lair:4   | Reached skill level 10 in Dodging
 16960 | Lair:5   | Reached skill level 10 in Fighting
 17608 | Lair:6   | Received a gift from Trog
 17725 | Lair:6   | Found a labyrinth entrance.
 17744 | Lab      | Entered a labyrinth
 18239 | Lab      | Noticed a minotaur
 18245 | Lab      | Killed a minotaur
 18419 | Lair:6   | Reached skill level 11 in Dodging
 18707 | Lair:6   | Found a staircase to the Snake Pit.
 18876 | Lair:6   | Reached skill level 11 in Fighting
 19598 | Lair:7   | Noticed Fannar
 19973 | Lair:7   | Killed Fannar
 19973 | Lair:7   | Reached XP level 14. HP: 101/101 MP: 14/14
 20563 | Lair:7   | Received a gift from Trog
 21010 | Lair:7   | Found a runed door.
 21010 | Lair:7   | Found a viscous altar of Jiyva.
 21026 | Lair:7   | Found a staircase to the Slime Pits.
 21582 | Lair:8   | Entered Level 8 of the Lair of Beasts
 21703 | Lair:8   | Found a frozen archway.
 21741 | IceCv    | Entered an ice cave
 22245 | IceCv    | Reached skill level 18 in Long Blades
 22415 | IceCv    | Found an ancient bone altar of Kikubaaqudgha.
 23031 | Lair:8   | Noticed Erica
 23038 | Lair:8   | Killed Erica
 23559 | Lair:8   | Identified a scroll of acquirement
 24254 | Lair:8   | Reached skill level 19 in Long Blades
 24661 | Lair:8   | Reached XP level 15. HP: 103/108 MP: 15/15
 24882 | Lair:8   | Reached skill level 12 in Dodging
 25262 | Orc:1    | Entered Level 1 of the Orcish Mines
 25729 | Orc:2    | Received a gift from Trog
 26051 | Orc:3    | Upgraded the game from 0.16-a0-3354-g045d5c7 to 0.16-a0-3389-g45633df
 26117 | Orc:3    | Found a staircase to the Elven Halls.
 26620 | Orc:3    | Received a gift from Trog
 26788 | Orc:3    | Found Zeobry's Armour Shop.
 26958 | Orc:4    | Entered Level 4 of the Orcish Mines
 27284 | Orc:4    | Reached skill level 13 in Dodging
 27285 | Orc:4    | Received a gift from Trog
 27553 | Orc:4    | Found Ikhofut's Armour Shop.
 27553 | Orc:4    | Found Kuptenk's Armour Shoppe.
 27553 | Orc:4    | Found Ucetuck's Jewellery Emporium.
 27569 | Orc:4    | Found Ahor's Food Boutique.
 27768 | Orc:4    | Bought a +4 ring of evasion for 504 gold pieces
 27769 | Orc:4    | Bought an uncursed ring of stealth for 245 gold pieces
 27920 | Orc:4    | Reached skill level 14 in Dodging
 28109 | Elf:1    | Entered Level 1 of the Elven Halls
 28435 | Elf:1    | Reached skill level 15 in Dodging
 28469 | Elf:1    | Identified the Incunabulum of Torrid Arcane Weapons
 28534 | Elf:1    | Noticed Agnes
 28550 | Elf:1    | Killed Agnes
 28593 | Elf:1    | Received a gift from Trog
 28598 | Elf:1    | Got a crystal demon blade {god gift}
 28599 | Elf:1    | Identified the +9 demon blade of Miriot {freeze, rElec rC- Int+3} (Trog gifted it to you on level 1 of the Elven Halls)
 28679 | Elf:1    | Reached skill level 16 in Dodging
 28989 | Elf:2    | Found Thidgh's Food Emporium.
 29556 | Elf:2    | Reached skill level 17 in Dodging
 29784 | Elf:2    | Found a runed gate.
 29785 | Elf:2    | Found a runed gate.
 29785 | Elf:2    | Found a runed gate.
 29955 | Elf:3    | Entered Level 3 of the Elven Halls
 29957 | Elf:3    | Reached XP level 16. HP: 114/114 MP: 16/16
 30068 | Elf:3    | Noticed casual's ghost (great DrTm)
 30083 | Elf:3    | Killed casual's ghost
 30083 | Elf:3    | Reached skill level 12 in Fighting
 30432 | Elf:3    | Noticed a deep elf blademaster
 30444 | Elf:3    | Killed a deep elf blademaster
 30919 | Elf:3    | Noticed a deep elf blademaster
 30932 | Elf:3    | HP: 11/116 [deep elf blademaster/rapier (18)]
 31034 | Elf:3    | Reached skill level 13 in Fighting
 31041 | Elf:3    | Received a gift from Trog
 31505 | Elf:3    | Noticed a deep elf master archer
 31768 | Elf:3    | Noticed a deep elf master archer
 31787 | Elf:3    | Noticed an Executioner
 31787 | Elf:3    | Killed a deep elf master archer
 32001 | Elf:3    | Reached skill level 14 in Fighting
 32219 | Elf:3    | Cast into the Abyss (a deep elf demonologist)
 32284 | Abyss:1  | Noticed a tentacled starspawn
 32289 | Abyss:1  | Noticed a tentacled starspawn
 32363 | Abyss:1  | Reached skill level 1 in Stealth
 32406 | Abyss:1  | Reached skill level 2 in Stealth
 32425 | Abyss:1  | Reached skill level 3 in Stealth
 32614 | Abyss:1  | Reached skill level 4 in Stealth
 32667 | Elf:3    | Escaped the Abyss
 32670 | Elf:3    | Reached skill level 5 in Stealth
 32722 | Elf:3    | Reached skill level 6 in Stealth
 32796 | Elf:3    | Killed a deep elf blademaster
 32796 | Elf:3    | Reached skill level 7 in Stealth
 32817 | Elf:3    | Reached skill level 8 in Stealth
 33220 | Elf:3    | Reached skill level 9 in Stealth
 33239 | Elf:3    | Reached XP level 17. HP: 126/126 MP: 17/17
 33397 | Elf:3    | Identified Smus' Compendium of Augmentations
 33458 | Elf:3    | Identified the Guide on the Snowflakes and Boosts
 33466 | Elf:3    | Identified Sif Muna's Incunabulum of the Countless Ships
 33499 | Elf:3    | Killed a deep elf master archer
 33499 | Elf:3    | Reached skill level 10 in Stealth
 33752 | Elf:3    | Reached skill level 1 in Evocations
 33753 | Elf:3    | Reached skill level 2 in Evocations
 33760 | Elf:3    | Reached skill level 3 in Evocations
 34199 | D:10     | Bought a scroll of brand weapon for 280 gold pieces
 34276 | Orc:1    | Reached skill level 4 in Evocations
 34405 | D:11     | Got a fine buckler
 34406 | D:11     | Identified the +3 buckler of the Mutiny {+Blink MR+ rCorr Int+2 Dex-2} (You found it on level 11 of the Dungeon)
 34587 | D:11     | Reached skill level 5 in Evocations
 35134 | D:12     | Reached skill level 6 in Evocations
 35187 | D:12     | Noticed Maurice
 35201 | D:12     | Killed Maurice
 35263 | D:12     | Noticed hellcat's ghost (experienced FeFE)
 35268 | D:12     | Killed hellcat's ghost
 35308 | D:12     | Received a gift from Trog
 35690 | D:13     | Reached skill level 7 in Evocations
 35958 | D:13     | Reached skill level 8 in Evocations
 35982 | D:13     | Found a sparkling altar of Nemelex Xobeh.
 36418 | D:13     | Found a gate to the Vaults.
 36821 | D:14     | Found Blouxtom's Jewellery Emporium.
 36823 | D:14     | Found Clalemyi's Assorted Antiques.
 36847 | D:14     | Bought an uncursed ring of poison resistance for 260 gold pieces
 36847 | D:14     | Bought a cursed amulet of inaccuracy for 26 gold pieces
 36847 | D:14     | Bought a +1 ring of slaying for 78 gold pieces
 36869 | D:14     | Reached skill level 9 in Evocations
 36885 | D:14     | Bought a potion of heal wounds for 180 gold pieces
 36957 | D:14     | Found Qeos' Distillery.
 36974 | D:14     | Bought a potion of heal wounds for 70 gold pieces
 36974 | D:14     | Bought a potion of might for 56 gold pieces
 37138 | D:14     | Found Qiyrgh's Armour Emporium.
 37226 | D:14     | Found Noxtat's Assorted Antiques.
 37241 | D:14     | Reached skill level 10 in Evocations
 37249 | D:14     | Bought a ring of evasion for 74 gold pieces
 37249 | D:14     | Bought a potion of heal wounds for 185 gold pieces
 37249 | D:14     | Bought a scroll of magic mapping for 129 gold pieces
 37249 | D:14     | Bought a crooked brass wand for 148 gold pieces
 37498 | D:15     | Entered Level 15 of the Dungeon
 37711 | D:15     | Noticed Snorg
 37718 | D:15     | Killed Snorg
 37976 | D:15     | Noticed Harold
 37985 | D:15     | Killed Harold
 38033 | D:15     | Received a gift from Trog
 38203 | D:15     | Found a staircase to the Depths.
 38422 | D:15     | Reached skill level 15 in Fighting
 39028 | Snake:1  | Entered Level 1 of the Snake Pit
 39036 | Snake:1  | Reached skill level 20 in Long Blades
 39277 | Snake:1  | Reached XP level 18. HP: 134/134 MP: 30/30
 39797 | Snake:1  | Received a gift from Trog
 40565 | Snake:2  | Found Miteshe's Distillery.
 40570 | Snake:2  | Bought a potion of heal wounds for 65 gold pieces
 40685 | Snake:2  | Found a glowing silver altar of Zin.
 40814 | Snake:3  | Reached skill level 16 in Fighting
 41275 | Snake:3  | Noticed Rupert
 41295 | Snake:3  | Noticed Wiglaf
 41317 | Snake:3  | Killed Wiglaf
 41383 | Snake:3  | Killed Rupert
 42509 | Snake:3  | Received a gift from Trog
 42704 | Snake:4  | Reached skill level 17 in Fighting
 43724 | Snake:4  | Found Zopuexue's Antique Weapon Shop.
 44178 | Snake:5  | Entered Level 5 of the Snake Pit
 44593 | Snake:5  | Gained mutation: You evolve. [potion of beneficial mutation]
 44602 | Snake:5  | Gained mutation: You have a pair of small antennae on your head. [evolution]
 44944 | Snake:5  | Received a gift from Trog
 45945 | Snake:5  | Reached skill level 21 in Long Blades
 45945 | Snake:5  | Reached XP level 19. HP: 130/144 MP: 31/31
 46538 | Snake:5  | Received a gift from Trog
 46866 | Snake:5  | Got a serpentine rune of Zot
 47650 | Snake:4  | Reached skill level 22 in Long Blades
 48321 | Lair:3   | Killed a ten-headed hydra
 48342 | Shoals:1 | Entered Level 1 of the Shoals
 48499 | Shoals:1 | Gained mutation: Your mind is acute. (Int +2) [evolution]
 48499 | Shoals:1 | Lost mutation: You evolve. [end of evolution]
 48970 | Shoals:1 | Received a gift from Trog
 49482 | Shoals:2 | Noticed Norris
 49496 | Shoals:2 | Killed Norris
 49930 | Shoals:3 | Noticed Aizul
 50144 | Shoals:3 | Noticed Polyphemus
 50155 | Shoals:3 | Noticed Nikola
 50163 | Shoals:3 | Killed Polyphemus
 50224 | Shoals:3 | Killed Nikola
 50355 | Shoals:3 | Reached skill level 23 in Long Blades
 50355 | Shoals:3 | Reached XP level 20. HP: 148/151 MP: 32/32
 51014 | Shoals:3 | Received a gift from Trog
 51159 | Shoals:4 | Noticed Ilsuiw
 51194 | Shoals:4 | Noticed Saint Roka
 51228 | Shoals:3 | Killed Saint Roka
 51556 | Shoals:4 | Noticed Frances
 51566 | Shoals:4 | Killed Frances
 52012 | Shoals:4 | Killed Aizul
 52313 | Shoals:4 | Cast into the Abyss (merfolk impaler)
 52313 | Abyss:1  | Found a corrupted altar of Lugonu.
 52748 | Abyss:1  | Found a corrupted altar of Lugonu.
 52755 | Shoals:4 | Escaped the Abyss
 52773 | Shoals:5 | Entered Level 5 of the Shoals
 53125 | Shoals:4 | Killed Ilsuiw
 53125 | Shoals:4 | Reached skill level 24 in Long Blades
 54478 | Shoals:5 | HP: 10/151 [merfolk impaler/antimagic demon trident (25)]
 55128 | Shoals:5 | Got a barnacled rune of Zot
 55780 | Vaults:1 | Entered Level 1 of the Vaults
 55928 | Vaults:1 | Reached XP level 21. HP: 129/158 MP: 32/32
 56163 | Vaults:1 | Reached skill level 18 in Dodging
 57086 | Vaults:1 | Reached skill level 18 in Fighting
 58116 | Vaults:2 | Received a gift from Trog
 58144 | Vaults:2 | Noticed Donald
 58340 | Vaults:2 | Killed Donald
 58900 | Vaults:2 | Reached skill level 19 in Dodging
 59524 | Vaults:2 | Reached skill level 19 in Fighting
 59555 | Vaults:2 | Found a staircase to the Crypt.
 60130 | Vaults:3 | Noticed Xtahua
 60137 | Vaults:3 | Killed Xtahua
 60309 | Vaults:3 | Reached XP level 22. HP: 136/169 MP: 33/33
 61045 | Vaults:3 | Received a gift from Trog
 61249 | Vaults:3 | Noticed Urug
 61265 | Vaults:3 | Killed Urug
 61629 | Vaults:3 | Received a gift from Trog
 62114 | Vaults:3 | Noticed Terence
 62163 | Vaults:3 | Reached skill level 20 in Dodging
 62183 | Vaults:3 | Killed Terence
 62231 | Vaults:3 | Noticed Louise
 62237 | Vaults:3 | Killed Louise
 62336 | Vaults:3 | Reached skill level 20 in Fighting
 62581 | Vaults:4 | Received a gift from Trog
 62600 | Vaults:4 | Got a slimy great sword {god gift}
 62604 | Vaults:4 | Identified the +6 great sword "Ruoboc" {antimagic, MR++} (Trog gifted it to you on level 4 of the Vaults)
 63707 | Vaults:4 | Found Grehoykk's Food Shoppe.
 64217 | Vaults:5 | Entered Level 5 of the Vaults
 64481 | Vaults:5 | HP: 4/172 [acid (18)]
 64504 | Vaults:5 | Reached skill level 21 in Fighting
 64627 | Vaults:5 | Reached XP level 23. HP: 122/180 MP: 33/33
 64854 | Vaults:5 | Noticed an ancient lich
 65000 | Vaults:5 | Killed an ancient lich
 65625 | Vaults:5 | Reached skill level 22 in Fighting
 67593 | Vaults:5 | Reached skill level 23 in Fighting
 67705 | Vaults:5 | Received a gift from Trog
 67907 | Vaults:5 | Reached skill level 11 in Stealth
 68080 | Vaults:5 | Reached skill level 11 in Evocations
 68277 | Vaults:5 | Reached XP level 24. HP: 161/192 MP: 35/35
 68316 | Vaults:5 | Found Ymianiaz's Distillery.
 68330 | Vaults:5 | Bought a potion of heal wounds for 75 gold pieces
 68330 | Vaults:5 | Bought a potion of heal wounds for 75 gold pieces
 68330 | Vaults:5 | Bought a potion of beneficial mutation for 525 gold pieces
 68330 | Vaults:5 | Gained mutation: You can spit poison. [potion of beneficial mutation]
 68517 | Vaults:5 | Reached skill level 12 in Evocations
 68762 | Vaults:5 | Identified Jegeere's Almanac of Warped Protection
 68769 | Vaults:5 | Got a smoking glass ring
 68770 | Vaults:5 | Identified the ring of Sekiplis {rN+ Str+1 Int+4} (You found it on level 5 of the Vaults)
 68790 | Vaults:5 | Got a silver rune of Zot
 68834 | Vaults:5 | Reached skill level 13 in Evocations
 69580 | Depths:1 | Entered Level 1 of the Depths
 69590 | Depths:1 | Found a gateway to Hell.
 69824 | Depths:1 | Reached skill level 14 in Evocations
 70364 | Depths:1 | Reached skill level 15 in Evocations
 70731 | Depths:1 | Found a one-way gate leading to the halls of Pandemonium.
 70755 | Depths:1 | Received a gift from Trog
 71386 | Depths:2 | Found a gateway to a ziggurat.
 71415 | Zig:1    | Entered Level 1 of a ziggurat
 71435 | Zig:2    | Entered Level 2 of a ziggurat
 71462 | Zig:3    | Entered Level 3 of a ziggurat
 71654 | Zig:4    | Entered Level 4 of a ziggurat
 71773 | Zig:5    | Entered Level 5 of a ziggurat
 72091 | Zig:5    | Identified the Papyrus of Evil
 72195 | Zig:6    | Entered Level 6 of a ziggurat
 72456 | Zig:7    | Entered Level 7 of a ziggurat
 72473 | Zig:7    | Got a steaming silver ring
 72501 | Depths:2 | Identified the ring of Blaenoac {rElec rN+ Str+4 Stlth-} (You found it on level 7 of a ziggurat)
 73619 | Depths:2 | Reached XP level 25. HP: 169/200 MP: 38/38
 73749 | Depths:2 | Reached skill level 24 in Fighting
 74325 | Depths:2 | Reached skill level 25 in Fighting
 75057 | Depths:2 | Reached skill level 21 in Dodging
 76203 | Temple   | Entered the Ecumenical Temple
 76222 | Temple   | Fell from the grace of Trog
 76222 | Temple   | Became a worshipper of the Shining One
 76723 | Crypt:1  | Entered Level 1 of the Crypt
 76989 | Crypt:1  | Acquired the Shining One's first power
 77085 | Crypt:1  | Acquired the Shining One's second power
 77606 | Crypt:1  | Reached skill level 22 in Dodging
 77908 | Crypt:1  | Acquired the Shining One's third power
 78109 | D:14     | Bought a scroll of teleportation for 108 gold pieces
 79171 | Crypt:3  | Entered Level 3 of the Crypt
 79231 | Crypt:3  | Acquired the Shining One's fourth power
 80168 | Crypt:2  | Reached XP level 26. HP: 211/211 MP: 39/39
 80333 | Crypt:2  | Reached skill level 1 in Spellcasting
 80415 | Crypt:2  | Reached skill level 2 in Spellcasting
 80714 | Crypt:3  | Reached skill level 3 in Spellcasting
 80775 | Crypt:3  | Reached skill level 4 in Spellcasting
 81008 | Crypt:3  | Found an ancient bone altar of Kikubaaqudgha.
 81008 | Crypt:3  | Noticed an ancient lich
 81021 | Crypt:3  | Killed an ancient lich
 81021 | Crypt:3  | Reached skill level 5 in Spellcasting
 81186 | Crypt:3  | Reached skill level 1 in Invocations
 81363 | Crypt:3  | Identified the Guide on Assistive Sinister Magic
 81389 | Crypt:3  | Reached skill level 2 in Invocations
 81514 | Crypt:3  | Reached skill level 3 in Invocations
 81555 | Crypt:3  | Reached skill level 4 in Invocations
 81633 | Crypt:3  | Reached skill level 5 in Invocations
 81736 | Crypt:3  | Got a ring of the Octopus King
 81748 | Crypt:3  | Identified a ring of the Octopus King {AC+1 EV+1 Str+1 Int+1 Dex+1 SInv} (You found it on level 3 of the Crypt)
 81870 | Crypt:3  | Reached skill level 6 in Invocations
 82003 | Crypt:3  | Reached skill level 7 in Invocations
 82065 | Crypt:3  | Found a staircase to the Tomb.
 82127 | Crypt:3  | Reached skill level 8 in Invocations
 82787 | Temple   | Identified a +7 eudemon blade of holy wrath (a +5 demon blade of flaming blessed by the Shining One)
 83546 | Depths:3 | Reached skill level 1 in Shields
 83562 | Depths:3 | Reached skill level 2 in Shields
 83690 | Depths:3 | Found a runed door.
 83691 | Depths:3 | Found a runed door.
 84211 | Elf:3    | Learned a level 3 spell: Ozocubu's Armour
 84214 | Elf:3    | Learned a level 2 spell: Repel Missiles
 84218 | Elf:3    | Learned a level 3 spell: Spectral Weapon
 84280 | Elf:2    | Reached skill level 3 in Shields
 84936 | Depths:3 | Reached skill level 4 in Shields
 84962 | Depths:3 | Reached skill level 5 in Shields
 85012 | Depths:3 | Reached skill level 1 in Ice Magic
 85012 | Depths:3 | Reached skill level 1 in Air Magic
 85090 | Depths:3 | Reached skill level 1 in Charms
 85298 | Depths:3 | Reached skill level 2 in Ice Magic
 85298 | Depths:3 | Reached skill level 2 in Air Magic
 85347 | Depths:3 | Reached skill level 2 in Charms
 85586 | Depths:3 | Reached skill level 3 in Air Magic
 85656 | Depths:3 | Reached skill level 3 in Charms
 85656 | Depths:3 | Reached skill level 3 in Ice Magic
 86204 | Depths:4 | Reached skill level 4 in Air Magic
 86370 | Depths:4 | Got a shimmering tin ring
 86399 | Depths:4 | Lost mutation: Your mind is acute. (Int +2) [mutagenic glow]
 86431 | Depths:4 | Lost mutation: You have a pair of small antennae on your head. [mutagenic glow]
 86654 | Depths:4 | Identified the ring "Codghie" {Wiz MR+} (You found it on level 4 of the Depths)
 86695 | Depths:4 | Reached skill level 4 in Ice Magic
 86705 | Depths:4 | Reached skill level 4 in Charms
 87217 | Depths:4 | Noticed Jory
 87225 | Depths:4 | Killed Jory
 87510 | Depths:4 | Reached skill level 5 in Air Magic
 87561 | Depths:4 | Found a one-way gate to the infinite horrors of the Abyss.
 87717 | Depths:5 | Entered Level 5 of the Depths
 87741 | Depths:5 | Reached skill level 1 in Hexes
 87750 | Depths:5 | Reached XP level 27. HP: 164/212 MP: 39/39
 87776 | Depths:5 | Reached skill level 6 in Spellcasting
 87785 | Depths:5 | Reached skill level 2 in Hexes
 88268 | Depths:5 | Reached skill level 3 in Hexes
 88330 | Depths:5 | Found a gate to the Realm of Zot.
 88525 | Depths:5 | Reached skill level 4 in Hexes
 88544 | Depths:5 | Reached skill level 7 in Spellcasting
 88636 | Depths:5 | Reached skill level 8 in Spellcasting
 88879 | Depths:5 | Was forgiven by Trog
 88963 | Depths:5 | Reached skill level 9 in Invocations
 89322 | Zot:1    | Entered Level 1 of the Realm of Zot
 89897 | Zot:1    | Reached skill level 10 in Invocations
 90615 | Zot:1    | Reached skill level 11 in Invocations
 91220 | Zot:1    | Reached skill level 12 in Invocations
 91998 | Zot:1    | Reached skill level 13 in Invocations
 92306 | Zot:1    | Learned a level 2 spell: Blink
 92743 | Zot:1    | Noticed an orb of fire
 92782 | Zot:1    | Reached skill level 14 in Invocations
 92799 | Zot:1    | Killed an orb of fire
 93326 | Depths:1 | Reached skill level 15 in Invocations
 93648 | Vaults:4 | Bought a meat ration for 70 gold pieces
 93648 | Vaults:4 | Bought a bread ration for 70 gold pieces
 93648 | Vaults:4 | Bought a bread ration for 70 gold pieces
 93648 | Vaults:4 | Bought a bread ration for 70 gold pieces
 93648 | Vaults:4 | Bought a meat ration for 70 gold pieces
 93648 | Vaults:4 | Bought a meat ration for 70 gold pieces
 93648 | Vaults:4 | Bought 2 fruits for 42 gold pieces
 93648 | Vaults:4 | Bought a bread ration for 70 gold pieces
 93648 | Vaults:4 | Bought a meat ration for 70 gold pieces
 93648 | Vaults:4 | Bought a meat ration for 70 gold pieces
 93648 | Vaults:4 | Bought a bread ration for 70 gold pieces
 94148 | Depths:4 | Voluntarily entered the Abyss.
 94587 | Abyss:3  | Got an abyssal rune of Zot
 94614 | Abyss:3  | Found a corrupted altar of Lugonu.
 94748 | Abyss:3  | Found a corrupted altar of Lugonu.
 94931 | Depths:4 | Escaped the Abyss
 95025 | Depths:4 | Reached skill level 16 in Invocations
 95548 | Slime:1  | Entered Level 1 of the Pits of Slime
 95750 | Slime:2  | Gained mutation: Your magical capacity is low (-10% MP). [a shining eye]
 96253 | Slime:2  | Gained mutation: Your body is slowly deteriorating. [a shining eye]
 96598 | Slime:3  | Gained mutation: You are dopey. (Int -2) [a shining eye]
 96808 | Slime:5  | Reached skill level 17 in Invocations
 96922 | Slime:5  | HP: 18/208 [acid blob/splash of acid (4)]
 96922 | Slime:5  | HP: 8/208 [acid (10)]
 98185 | Slime:6  | Entered Level 6 of the Pits of Slime
 98344 | Slime:6  | Reached skill level 18 in Invocations
 98513 | Slime:6  | Noticed firestarter's ghost (mighty DsFE)
 98569 | Slime:6  | Killed firestarter's ghost
 98631 | Slime:6  | Noticed the royal jelly
 98650 | Slime:6  | Found a viscous altar of Jiyva.
 99540 | Slime:6  | Killed the royal jelly
 99540 | Slime:6  | Reached skill level 19 in Invocations
 99614 | Slime:6  | Got a slimy rune of Zot
 99755 | Slime:4  | Lost mutation: You have supernaturally acute eyesight. [a shining eye]
100404 | Lair:2   | Lost mutation: Your magical capacity is low (-10% MP). [potion of cure mutation]
100404 | Lair:2   | Lost mutation: You are dopey. (Int -2) [potion of cure mutation]
100404 | Lair:2   | Lost mutation: You can spit poison. [potion of cure mutation]
100404 | Lair:2   | Lost mutation: Your body is slowly deteriorating. [potion of cure mutation]
100718 | Pan      | Entered Pandemonium
100834 | Pan      | HP: 17/208 [poisoned by something (poison gas)]
100836 | Pan      | HP: 3/208 [poisoned by something (poison gas)]
100837 | Pan      | The Shining One protects you from harm!
100838 | Pan      | The Shining One protects you from harm!
100839 | Pan      | Succumbed to something's poison gas

Vanquished Creatures
  the royal jelly (Slime:6)
  2 ancient liches
  Norris (Shoals:2)
  Saint Roka (Shoals:3)
  Jory (Depths:4)
  4 golden dragons
  Xtahua (Vaults:3)
  4 bone dragons
  3 electric golems (Zot:1)
  Nikola (Shoals:3)
  8 tentacled monstrosities
  3 titans (Vaults:5)
  The ghost of firestarter the Devastator, a mighty DsFE of Vehumet (Slime:6)
  2 caustic shrikes (Depths:2)
  2 deep elf blademasters (Elf:3)
  2 quicksilver dragons (Vaults:5)
  2 deep elf master archers (Elf:3)
  6 liches
  20 acid blobs
  An eldritch tentacle (Crypt:3)
  Polyphemus (Shoals:3)
  2 krakens
  2 ancient champions
  4 sphinxes
  8 tengu reavers
  A thorn hunter (Zig:3)
  5 storm dragons
  2 tentacled starspawn (Abyss:3)
  2 draconian monks
  Frances (Shoals:4)
  7 greater nagas
  5 shadow dragons
  Ilsuiw (Shoals:4)
  A revenant (Crypt:1)
  7 frost giants
  9 azure jellies
  Donald (Vaults:2)
  Wiglaf (Snake:3)
  A balrug (Pan)
  3 ghost moths
  8 fire giants
  2 iron dragons
  Aizul (Shoals:4)
  Louise (Vaults:3)
  14 vault wardens
  2 emperor scorpions
  3 curse skulls
  6 deep elf sorcerers
  Gastronok (D:9)
  16 ironheart preservers
  5 draconian annihilators
  13 ghouls
  A reaper (Zig:5)
  A spriggan defender (Depths:2)
  26 stone giants
  13 very ugly things
  A Killer Klown zombie (Crypt:2)
  5 war gargoyles
  3 vampire knights
  7 deep elf demonologists
  2 green draconians (Zot:1)
  A grey draconian (Depths:5)
  A draconian caller (Zot:1)
  A red draconian (Zot:1)
  3 black draconians (Zot:1)
  A blood saint (Pan)
  8 deep elf annihilators
  3 mottled draconians (Zot:1)
  2 purple draconians
  2 pale draconians (Zot:1)
  4 yellow draconians
  2 white draconians (Zot:1)
  A caustic shrike zombie (Zig:5)
  A green death (Pan)
  11 ettins
  10 deep elf death magi
  11 merfolk javelineers
  3 crystal guardians (Crypt:3)
  9 merfolk impalers
  3 death oozes (Slime:6)
  5 eidola
  10 fire dragons
  9 jiangshi
  Josephine (D:10)
  4 death cobs
  5 deep elf high priests
  19 yaktaur captains
  29 vault guards
  5 minotaurs
  6 great orbs of eyes
  4 hydras
  6 rakshasas
  Fannar (Lair:7)
  A quicksilver dragon skeleton (Crypt:3)
  Harold (D:15)
  3 spriggan air magi (Depths:2)
  15 ice dragons
  14 naga warriors
  An anaconda (shapeshifter) (Abyss:1)
  2 merfolk avatars
  Erica (Lair:8)
  14 centaur warriors
  6 merfolk aquamancers
  11 deep troll earth magi
  11 anacondas
  8 ogre magi
  7 dancing weapons
  A death knight (Crypt:1)
  2 satyrs
  16 deep troll shamans
  2 vampire magi
  The ghost of MackTheKnife the Basher, an experienced OpBe of Trog (D:8)
  Urug (Vaults:3)
  36 death yaks
  3 thrashing horrors
  A spriggan berserker (Depths:5)
  6 shock serpents
  15 naga sharpshooters
  An orc high priest (Zig:4)
  17 skeletal warriors
  21 hell knights
  20 deep elf knights
  3 wretched stars (Abyss:3)
  2 shadow wraiths
  4 salamander mystics
  6 catoblepae
  A death drake (Abyss:2)
  A golden dragon zombie (Crypt:3)
  5 flayed ghosts
  39 deep trolls
  3 soul eaters
  A spatial maelstrom (Abyss:3)
  9 iron trolls
  4 sun demons
  A storm dragon skeleton (Crypt:2)
  6 deep elf summoners
  A torturous demonspawn (Pan)
  6 unseen horrors (Crypt:1)
  A shadow demon (Depths:1)
  7 naga ritualists
  20 sea snakes
  A giant orange brain (shapeshifter) (Vaults:5)
  8 giant orange brains
  An ice statue (IceCv)
  The ghost of Kemay the Nimble, an experienced OpMo of Sif Muna (D:7)
  7 starcursed masses (Abyss:1)
  A swamp dragon (shapeshifter) (Vaults:5)
  18 ironbrand convokers
  An ice devil (Abyss:2)
  An obsidian statue (Shoals:1)
  28 deep elf conjurers
  A hill giant (shapeshifter) (Vaults:5)
  15 necromancers
  Pikel (D:9)
  A harpy (shapeshifter) (Depths:2)
  17 orc knights
  A wolf spider zombie (Vaults:1)
  A lindwurm (shapeshifter) (Depths:2)
  7 wolf spiders
  15 harpies
  4 orb spiders (Zot:1)
  21 hill giants
  8 wizards
  65 ugly things
  6 oklob plants (Zig:6)
  6 fauns
  7 phantasmal warriors
  A wolf spider (shapeshifter) (Vaults:5)
  19 manticores
  The ghost of hellcat the Nimble, an experienced FeFE of Sif Muna (D:12)
  11 mana vipers
  2 orc sorcerers
  11 moths of wrath (Zot:1)
  2 stone giant zombies
  4 sixfirhies
  A cyclops (shapeshifter) (Elf:3)
  11 griffons
  6 cyclopes
  4 worldbinders
  11 water nymphs
  10 salamanders
  An iron dragon skeleton (Crypt:3)
  43 black mambas
  2 guardian serpents (shapeshifter)
  10 elephants
  14 sirens
  3 centaur zombies
  A salamander (shapeshifter) (D:13)
  2 red wasps
  Maurice (D:12)
  A moth of wrath (shapeshifter) (Depths:2)
  A fire giant skeleton (Crypt:1)
  An eye of devastation (shapeshifter) (Elf:2)
  Joseph (D:10)
  6 shining eyes
  An apocalypse crab (Abyss:2)
  8 guardian serpents
  11 vault sentinels
  A black mamba (shapeshifter) (Vaults:5)
  3 centaur skeletons
  A torpor snail (Depths:1)
  12 spiny frogs
  A dire elephant skeleton (Crypt:3)
  Psyche (D:8)
  22 naga magi
  A hellion (Zig:5)
  2 eyes of devastation
  5 fire drakes
  A demonic crawler (Zig:2)
  A yaktaur (shapeshifter) (Vaults:5)
  4 orange demons
  2 hellwings
  81 yaktaurs
  8 kobold demonologists
  2 efreet
  2 silent spectres
  13 komodo dragons
  A fire drake (shapeshifter) (D:13)
  An elf (shapeshifter) (Vaults:1)
  A queen bee (Abyss:3)
  2 jumping spiders (shapeshifter)
  2 wandering mushrooms (Lab)
  A hydra zombie (Crypt:3)
  A blue devil (Abyss:1)
  16 deep elf priests
  20 freezing wraiths
  A red devil (Pan)
  26 two-headed ogres
  4 tengu conjurers
  2 blink frogs (shapeshifter)
  3 jumping spiders
  A hydra skeleton (Crypt:3)
  4 wind drakes
  17 trolls
  5 polar bears
  5 raiju (Abyss:3)
  78 slime creatures
  29 merfolk
  9 ravens
  32 blink frogs
  8 air elementals (Depths:2)
  A frost giant simulacrum (Vaults:4)
  A raven (shapeshifter) (Depths:1)
  5 bog bodies
  A sphinx simulacrum (Vaults:3)
  8 boulder beetles
  A trapdoor spider zombie (D:14)
  2 ettin zombies
  7 snapping turtles
  42 yaks
  3 trapdoor spiders
  6 basilisks
  36 flying skulls
  4 spriggans
  A tarantella (Zot:1)
  A ynoxinul (Abyss:2)
  An ice dragon skeleton (Crypt:1)
  6 vampires
  A redback (Vaults:2)
  A yak (shapeshifter) (D:13)
  7 large abominations
  2 tarantellas (shapeshifter)
  23 water elementals
  8 wraiths
  37 deep elf magi
  11 humans (Vaults:3)
  2 neqoxecs
  3 shadows
  A hungry ghost (D:11)
  3 spatial vortices (Abyss:3)
  A steam dragon (D:9)
  41 deep elf fighters
  62 nagas
  6 wargs
  22 hippogriffs
  6 wyverns
  2 human simulacra
  4 small abominations
  A deep troll zombie (Vaults:4)
  18 vampire mosquitoes
  3 golden eyes
  3 wolves (Lair:6)
  A mottled dragon (Vaults:1)
  26 water moccasins
  2 human skeletons (Vaults:3)
  4 spiders
  10 porcupines
  5 sky beasts
  6 black bears
  4 yellow wasps
  A hell hound (Abyss:2)
  5 phantoms
  A soldier ant (D:12)
  13 necrophages
  13 ice beasts
  A black bear (shapeshifter) (Vaults:4)
  5 eyes of draining
  60 orc warriors
  An orc zombie (Vaults:3)
  3 boggarts (Depths:3)
  A boggart (shapeshifter) (Vaults:5)
  A boring beetle (Lair:8)
  42 ogres
  29 centaurs
  18 crocodiles
  A manticore skeleton (Crypt:1)
  7 big kobolds
  A brain worm (Abyss:1)
  7 human zombies
  Blork the orc (D:9)
  A dryad zombie (Crypt:1)
  18 giant frogs
  2 wyvern zombies
  A gnoll sergeant (D:7)
  6 scorpions
  2 elephant simulacra (IceCv)
  3 wyvern skeletons
  5 wights (D:8)
  22 killer bees
  The ghost of archlich the Sneak, a weakling DsEn (D:3)
  A swamp dragon simulacrum (IceCv)
  A boring beetle zombie (Crypt:1)
  8 crimson imps
  3 quasits
  12 hounds
  2 elf zombies
  A giant frog zombie (D:12)
  25 orc priests
  19 jellies
  3 giant frog skeletons
  An iron imp (D:13)
  45 orc wizards
  2 kobold skeletons
  5 troll simulacra (IceCv)
  15 iguanas
  4 polar bear simulacra
  3 spriggan simulacra (IceCv)
  13 worker ants
  4 draconian simulacra (IceCv)
  3 wolf simulacra (Lair:6)
  A killer bee zombie (Crypt:1)
  3 yak simulacra (Lair:6)
  35 sheep
  4 centaur simulacra
  A mottled dragon zombie (Crypt:2)
  A deep dwarf zombie (Crypt:2)
  Ijyb (D:2)
  2 big kobold zombies
  A giant frog simulacrum (D:10)
  A hound skeleton (D:7)
  Terence (Vaults:3)
  A mummy (D:6)
  2 worker ant zombies
  9 gnolls
  3 naga simulacra (IceCv)
  29 adders
  2 ogre simulacra (IceCv)
  55 river rats
  6 giant mites
  8 shadow imps
  17 white imps
  4 ufetubi
  3 worms
  A lava snake skeleton (Crypt:2)
  5 giant geckos
  3 oozes
  244 orcs
  4 ball pythons
  A bat skeleton (D:4)
  27 goblins
  14 hobgoblins
  4 jackals
  9 bats
  2 giant cockroaches
  9 giant newts
  3 giant spores
  A jackal zombie (Crypt:2)
  29 kobolds
  14 quokkas
  2 quokka skeletons
  A quokka zombie (D:10)
  10 rats
  A rat zombie (D:9)
  2 river rat simulacra (Lair:6)
  3 ballistomycetes
  A briar patch (Zig:3)
  A butterfly (D:5)
  2 crawling corpses (Elf:3)
  3 fungi
  A plant (Lair:6)
  A starspawn tentacle (Abyss:3)
  A tentacle (Shoals:5)
  A tentacle segment (Shoals:5)
3160 creatures vanquished.

Vanquished Creatures (collateral kills)
  An orb of fire (Zot:1)
  A Killer Klown (Zot:1)
  The ghost of casual the Spry, a great DrTm of Okawaru (Elf:3)
  A golden dragon (Depths:2)
  3 caustic shrikes (Depths:2)
  A tentacled monstrosity (Vaults:5)
  A titan (Vaults:5)
  3 acid blobs
  Rupert (Snake:3)
  Agnes (Elf:1)
  2 azure jellies
  A greater naga (Snake:5)
  A deep elf sorcerer (Elf:3)
  A draconian scorcher (Depths:5)
  2 vault wardens
  A balrug (Pan)
  An ironheart preserver (Vaults:1)
  5 stone giants
  A deep elf demonologist (Vaults:5)
  A grey draconian (Zot:1)
  3 deep elf annihilators (Elf:3)
  A red draconian (Zot:1)
  A mottled draconian (Zot:1)
  Snorg (D:15)
  A jiangshi (Crypt:2)
  A merfolk impaler (Shoals:5)
  4 vault guards (Vaults:5)
  2 ice dragons
  2 hydras
  3 naga warriors (Snake:5)
  A spriggan air mage (Depths:2)
  A rakshasa (Depths:2)
  6 death yaks
  A satyr (Shoals:4)
  An orc high priest (Zig:4)
  A naga sharpshooter (Snake:5)
  2 sun demons
  A deep elf knight (Elf:2)
  3 deep trolls
  A skeletal warrior (Crypt:1)
  A giant orange brain (Vaults:4)
  A death drake (Zot:1)
  A wizard (Vaults:3)
  A deep elf conjurer (Elf:2)
  An oklob plant (Zig:6)
  An orc sorcerer (Orc:3)
  7 naga ritualists (Snake:5)
  2 mana vipers
  A faun (Shoals:4)
  A shining eye (Slime:2)
  2 ugly things
  An elephant (Lair:7)
  2 vault sentinels
  2 black mambas (Snake:5)
  A cyclops (shapeshifter) (D:15)
  3 naga magi (Snake:5)
  5 spiny frogs
  2 komodo dragons
  A deep elf priest (Elf:1)
  A polar bear (Crypt:2)
  5 slime creatures
  9 blink frogs
  3 deep elf magi
  9 deep elf fighters
  2 humans (Vaults:3)
  3 yaks (Lair:8)
  A mottled dragon (shapeshifter) (D:15)
  A neqoxec (Vaults:5)
  A steam dragon (Zot:1)
  A naga (Snake:5)
  2 water moccasins
  A porcupine (Lair:5)
  5 ice beasts (Lair:8)
  A crocodile (Lair:8)
  2 killer bees (D:14)
  An orc priest (Vaults:3)
  An elf zombie (Vaults:3)
  A hound (Lair:1)
  5 adders
  6 river rats
  A giant mite (Lair:1)
  An ufetubus (Vaults:3)
  11 orcs (Orc:4)
  A briar patch (Zig:3)
  2 fungi (Lair:8)
180 creatures vanquished.

Vanquished Creatures (others)
  2 spectral weapons (Depths:5)
  5 daevas
  A storm dragon (Vaults:5)
  An angel (Slime:6)
  2 deep trolls
  2 necromancers
  A guardian serpent (Zig:6)
  A yaktaur (Depths:4)
  3 jumping spiders
  8 trolls
  18 fire elementals
  7 two-headed ogres
  3 trapdoor spiders
  5 redbacks
  2 vampire mosquitoes
  2 orc warriors (Orc:4)
  3 slaves (D:9)
  22 ogres
  2 black bears
  13 lost souls
  A quasit (Abyss:1)
  A crimson imp (Abyss:1)
  A jelly (Slime:4)
  An orc wizard (Orc:1)
  A worker ant (D:9)
  A mottled dragon zombie (Vaults:1)
  2 orcs (D:10)
  2 giant spores
  A lurking horror (Abyss:1)
  A ballistomycete (D:13)
  32 eldritch tentacle segments (Crypt:3)
  8 fungi
  6 plants
  8 starspawn tentacles
  184 starspawn tentacle segments
  12 tentacles
  169 tentacle segments
534 creatures vanquished.

Grand Total: 3874 creatures vanquished
